 Dungeon Crawl Stone Soup version 0.31-a0-841-g038b102fc3 (webtiles) character file.

Game seed: 4255169377071558773

644 Kurtz the Chopper (level 7, 0/50 HPs)
             Began as an Octopode Fighter on Sept 27, 2023.
             Was a Follower of Okawaru.
             Slain by a gnoll
             ... wielding a +0 flail
              (10 damage)
             ... on level 4 of the Dungeon.
             The game lasted 00:02:50 (3413 turns).

Kurtz the Chopper (Octopode Fighter)                Turns: 3413, Time: 00:02:50

Health: 0/50       AC:  1    Str: 21    XL:     7   Next: 52%
Magic:  8/8        EV: 13    Int: 10    God:    Okawaru [*.....]
Gold:   206        SH:  5    Dex: 16    Spells: 6/6 levels left

rFire   . . .        a - +0 war axe
rCold   . . .        b - +0 buckler
rNeg    . . .        (helmet restricted)
rPois   .            (no amulet)
rElec   .            i - +6 ring of dexterity
rCorr   .            (no ring)
SInv    .            (no ring)
Will    .....        (no ring)
Stlth   +++          (no ring)
HPRegen 0.28/turn    (no ring)
MPRegen 0.11/turn    (no ring)
                     (no ring)

%: random rage (3%)
@: no status effects
A: almost no armour, amphibious, 8 rings, camouflage 1, gelatinous body 1,
(nimble swimmer 1), tentacles, berserk 1, robust 1, strong 1
a: Renounce Religion, Heroism


You were on level 4 of the Dungeon.
You worshipped Okawaru.
Okawaru was aware of your devotion.
You visited 2 branches of the dungeon, and saw 5 of its levels.

You collected 206 gold pieces.

Inventory:

Hand Weapons
 a - a +0 war axe (weapon)
Missiles
 g - a throwing net
Armour
 b - a +0 buckler (worn)
Jewellery
 i - a +6 ring of dexterity (left tentacle)
Wands
 n - a wand of light (10)
Scrolls
 d - a scroll of immolation {unknown}
 e - 4 scrolls of identify {unknown}
 f - a scroll of fog {unknown}
 j - 2 scrolls of teleportation {unknown}
 k - a scroll of poison {unknown}
 p - a scroll of noise {unknown}
 q - a scroll of enchant armour {unknown}
Potions
 c - 2 potions of might
 h - a potion of curing


   Skills:
 - Level 3.0 Fighting
 * Level 7.5 Axes
 - Level 3.0 Dodging
 + Level 2.5 Stealth
 + Level 3.3 Shields
 * Level 1.6 Invocations


You had 6 spell levels left.
You didn't know any spells.
Your spell library contained the following spells:

 Spells                   Type           Power      Damage    Failure   Level
 Foxfire                  Conj/Fire      0%         2x1d4     43%         1
 Lesser Beckoning         Tloc           0%         N/A       56%         2
 Gell's Gravitas          Tloc           0%         N/A       80%         3
 Ozocubu's Armour         Ice            0%         N/A       80%         3
 Teleport Other           Tloc           0%         N/A       80%         3
 Metabolic Englaciation   Hex/Ice        0%         N/A       100%        5
 Plasma Beam              Fire/Air       0%         2x1d10    100%        6
 Starburst                Conj/Fire      0%         6d3       100%        6
 Simulacrum               Ice/Necr       Unusable   N/A       N/A         6

Dungeon Overview and Level Annotations

Branches:
Dungeon (4/15)             Temple (1/1) D:4

Altars:
Ashenzari
Cheibriados
Dithmenos
Elyvilon
Fedhas
Gozag
Hepliaklqana
Kikubaaqudgha
Nemelex Xobeh
Okawaru
Qazlal
Ru
Sif Muna
Uskayaw
Vehumet
Wu Jian
Yredelemnul
Zin
The Shining One

Annotations:
Temple 2 transporters


Innate Abilities, Weirdness & Mutations

You cannot wear most types of armour.
You are amphibious.
You can wear up to eight rings at the same time.
Your skin changes colour to match your surroundings (Stealth+).
Your rubbery body absorbs attacks. (AC +1, EV +1)
((You are camouflaged when in or above water. (Stealth+)))
You have tentacles for arms and can constrict up to eight enemies at once.
You sometimes lose your temper in combat.
You are robust. (+10% HP)
Your muscles are strong. (Str +4, Int/Dex -1)


Message History

The gnoll is lightly wounded.
You slash the gnoll! The gnoll hits you with a +0 whip.
You block the gnoll's attack. The gnoll attacks as it pursues you!
The gnoll hits you with a +0 whip. The gnoll attacks as it pursues you!
You block the gnoll's attack.
There is an open door here.
A quokka comes into view.
You hit the gnoll. Your grab misses the gnoll.
The gnoll is heavily wounded.
You slash the gnoll!
You kill the gnoll!
Okawaru accepts your kill.
You hit the gnoll. The gnoll barely misses you.
You hit the gnoll but do no damage. You grab the gnoll.
The gnoll is severely wounded.
You hit the gnoll. You constrict the gnoll. The gnoll closely misses you.
You block the gnoll's attack. The gnoll closely misses you.
You slash the gnoll!
You kill the gnoll!
Okawaru accepts your kill.
You closely miss the gnoll. The gnoll hits you with a +0 flail.
The gnoll hits you with a +0 flail!
Unknown command.
You are too injured to fight recklessly!
Unknown command.
You are too injured to fight recklessly!
You closely miss the gnoll. Your grab misses the gnoll.
Your squeeze misses the gnoll.
The gnoll is heavily wounded.
Unknown command.
You hit the gnoll but do no damage. Your grab misses the gnoll.
You squeeze the gnoll.
The gnoll is almost dead.
You block the gnoll's attack.
You barely miss the gnoll. Your grab misses the gnoll.
The gnoll is almost dead.
You hit the gnoll. The gnoll hits you with a +0 club!
* * * LOW HITPOINT WARNING * * *
The gnoll hits you with a +0 flail!
You die...

......# #..#...
.....#........ #..#...
....#........ #..#...
#...#........ #..#...
#...#........ #..#..#
#.g.#........ #..#...
#..g#..r..... #..#...
#...#.....$.. #..#...
#...#@....... #..#...
#...gg....... #..#...
+...#'########.#..#... #..
#..............#..#... #..
#..............#..#..# #..
#######'########..#..# #..
..................#..#
#..#####################...
#.........................#


You could see 2 gnolls and a quokka.

Vanquished Creatures
  2 black bears (D:4)
  A scorpion (D:4)
  2 orc priests (D:4)
  A sleepcap (D:4)
  An iguana (D:4)
  2 orc wizards (D:4)
  10 adders
  6 gnolls
  2 worms
  2 dart slugs
  5 orcs (D:4)
  5 endoplasms
  4 giant cockroaches
  8 goblins
  10 hobgoblins
  5 jackals (D:1)
  3 quokkas
  7 ball pythons
  6 bats
  A frilled lizard (D:2)
  7 kobolds
  5 rats
95 creatures vanquished.

Notes
Turn   | Place    | Note
-------+----------+-------------------------------------------
     0 | D:1      | Kurtz the Octopode Fighter began the quest for the Orb.
     0 | D:1      | Reached XP level 1. HP: 16/16 MP: 1/1
    74 | D:1      | Reached XP level 2. HP: 9/21 MP: 2/2
   366 | D:1      | Reached skill level 3 in Axes
   552 | D:1      | Reached XP level 3. HP: 26/26 MP: 3/3
   883 | D:2      | Reached skill level 4 in Axes
   883 | D:2      | Reached XP level 4. HP: 17/31 MP: 4/4
  1577 | D:3      | Reached skill level 5 in Axes
  1577 | D:3      | Reached XP level 5. HP: 23/36 MP: 5/5
  2143 | D:4      | Found a staircase to the Ecumenical Temple.
  2236 | Temple   | Found a transporter.
  2236 | Temple   | Found a transporter.
  2236 | Temple   | Found a transporter.
  2236 | Temple   | Found a transporter.
  2236 | Temple   | Entered the Ecumenical Temple
  2255 | Temple   | Became a worshipper of Warmaster Okawaru
  2388 | D:4      | Noticed a black bear
  2391 | D:4      | Reached skill level 1 in Stealth
  2391 | D:4      | Reached XP level 6. HP: 22/42 MP: 6/6
  2400 | D:4      | HP: 1/42 [black bear (4)]
  2401 | D:4      | Gained mutation: You sometimes lose your temper in combat.
                  | [potion of mutation]
  2401 | D:4      | Gained mutation: Your muscles are strong. (Str +4, Int/Dex
                  | -1) [potion of mutation]
  2401 | D:4      | Gained mutation: You are robust. (+10% HP) [potion of
                  | mutation]
  2616 | D:4      | Reached skill level 6 in Axes
  2811 | D:4      | Reached skill level 1 in Invocations
  3000 | D:4      | Noticed a black bear
  3009 | D:4      | Killed a black bear
  3010 | D:4      | Reached skill level 7 in Axes
  3010 | D:4      | Reached XP level 7. HP: 14/50 MP: 7/7
  3263 | D:4      | Reached * piety under Okawaru
  3413 | D:4      | Slain by a gnoll

Illustrated notes

Levels and vault maps discovered:
D:1:      dpeg_arrival_rhombi, layout_rooms
D:2:      layout_rooms
D:3:      layout_basic
D:4:      layout_basic, minmay_temple_entry_glassed_door
Temple:   hellmonk_temple_divided_pantheon

Skill      XL: |  1  2  3  4  5  6 |
---------------+-------------------+-----
Axes           | 3 4 5 7 |  7.5
Stealth        | 1 2 |  2.5
Invocations    | 1 |  1.6
Fighting       | |  3.0
Dodging        | |  3.0
Shields        | |  3.3

Action                     |  1- 3 |  4- 6 |  7- 9 || total
---------------------------+-------+-------+-------++-------
  Melee: War axe           |    56 |   104 |    16 ||   176
         Constrict         |    19 |    32 |     4 ||    55
         Tentacles         |     6 |    22 |     6 ||    34
         Punch             |     1 |     2 |       ||     3
    Use: Potion            |       |     6 |       ||     6
   Stab: Sleeping          |     2 |     5 |     1 ||     8
 Armour: Skin              |    19 |    56 |    13 ||    88
  Dodge: Dodged            |    42 |    64 |     7 ||   113
  Block: Buckler           |    19 |    25 |     5 ||    49

Table legend: (Time is in decaauts)
 A = Elapsed time spent in this place.
 B = Non-inter-level travel time spent in this place.
 C = Inter-level travel time spent in this place.
 D = Time resting spent in this place.
 E = Time spent auto-exploring this place.
 F = Levels seen in this place.
 G = Mean time per level.
                   A        B        C        D        E       F      G
               +--------+--------+--------+--------+--------+-----+--------+
         Total |   3483 |   3384 |     99 |    900 |   1848 |   5 |  696.6 |
       Dungeon |   3445 |   3356 |     89 |    900 |   1848 |   4 |  861.2 |
        Temple |     37 |     27 |     10 |      0 |      0 |   1 |   37.0 |
               +--------+--------+--------+--------+--------+-----+--------+

Top non-repeatable levels by time:
     D:4: 1211 daAuts
     D:3: 941 daAuts
     D:1: 847 daAuts
     D:2: 445 daAuts
  Temple: 37 daAuts
